 Dungeon Crawl Stone Soup version 0.23-a0-139-ga22e90c45f (webtiles) character file.

45 Holzbalken the Chopper (level 3, -2/27 HPs)
             Began as a Demonspawn Gladiator on Aug 31, 2018.
             Killed by nerve-wracking pain
             ... invoked by an orc priest
              (3 damage)
             ... on level 3 of the Dungeon.
             The game lasted 00:06:27 (1651 turns).

Holzbalken the Chopper (Demonspawn Gladiator)       Turns: 1651, Time: 00:06:28

Health: -2/27      AC:  7    Str: 15    XL:     3   Next: 42%
Magic:  3/3        EV: 12    Int:  9    God:
Gold:   159        SH:  3    Dex: 14    Spells: 2/2 levels left

rFire    . . .     SeeInvis .   a - +0 war axe
rCold    . . .     Gourm    .   p - +0 buckler
rNeg     . . .     Faith    .   b - +0 leather armour
rPois    .         Spirit   .   c - +0 helmet
rElec    .         Reflect  .   (no cloak)
rCorr    .         Harm     .   g - +0 pair of gloves
MR       .....                  (no boots)
Stlth    +.........             (no amulet)
HPRegen  0.09/turn              (no ring)
MPRegen  0.08/turn              (no ring)

@: no status effects
A: yellow scales 1, powered by death 1
a: no special abilities


You were on level 3 of the Dungeon.
You were hungry.

You visited 1 branch of the dungeon, and saw 3 of its levels.

You collected 159 gold pieces.

Inventory:

Hand Weapons
 a - a +0 war axe (weapon)
 l - a +0 mace
Missiles
 d - 3 throwing nets (quivered)
Armour
 b - a +0 leather armour (worn)
 c - a +0 helmet (worn)
 g - a +0 pair of gloves (worn)
 p - a +0 buckler (worn)
Scrolls
 h - 2 scrolls of fear {unknown}
 i - 3 scrolls of identify {unknown}
 k - a scroll of immolation {unknown}
 n - a scroll of noise {unknown}
Potions
 e - 2 potions of heal wounds {unknown}
 j - 3 potions of curing {unknown}
 m - a potion of brilliance {unknown}
 o - a potion of resistance {unknown}
 r - a potion of might {unknown}
Comestibles
 f - 5 rations
 q - a chunk of flesh


   Skills:
 - Level 2.0 Fighting
 * Level 3.6 Axes
 - Level 1.7 Throwing
 + Level 3.2 Dodging
 + Level 0.3 Shields


You had 2 spell levels left.
You didn't know any spells.
Your spell library was empty.

Dungeon Overview and Level Annotations

Branches:
Dungeon (3/15)

Altars:
Cheibriados
Qazlal
Trog


Innate Abilities, Weirdness & Mutations

You are partially covered in yellow scales. (AC +2)
You regenerate a little health from kills.


Message History

The orc priest hits you with a hand axe.
You hit the orc priest but do no damage.
The orc priest is moderately wounded.
The orc priest hits you with a hand axe.
You hit the orc priest but do no damage.
The orc priest is moderately wounded.
The orc priest hits you but does no damage.
You barely miss the orc priest.
The orc priest is moderately wounded.
The orc priest mumbles some strange prayers to Beogh against you.
Beogh smites you!
Ouch! That really hurt!
* * * LOW HITPOINT WARNING * * *
The orc priest miscasts a cantrip.
You hear a shout!
You barely miss the orc priest.
The orc priest is moderately wounded.
The orc priest calls down the wrath of Beogh upon you.
Pain shoots through your body!
You die...

#### #...#
.....#
......###
.o_.....###
#o).# ##@..#
##...># #.#
##..[..# ##
.. #......#
##(
#.###......#
...
#.#........#
..#
#...##.....#
##..
##..####.###
....#
##.....##.#


You could see an orc priest.

Vanquished Creatures
  A worm (D:2)
  A dart slug (D:1)
  2 leopard geckos
  An orc (D:3)
  A giant cockroach (D:1)
  4 hobgoblins
  6 bats
  5 frilled lizards
  5 goblins
  9 kobolds
  3 rats (D:1)
  3 plants (D:1)
41 creatures vanquished.

Notes
Turn   | Place    | Note
-------+----------+-------------------------------------------
     0 | D:1      | Holzbalken the Demonspawn Gladiator began the quest for the
                  | Orb.
     0 | D:1      | Reached XP level 1. HP: 16/16 MP: 1/1
   164 | D:1      | Gained mutation: You are partially covered in yellow
                  | scales. (AC +2) [demonic ancestry]
   164 | D:1      | Reached XP level 2. HP: 21/22 MP: 2/2
  1113 | D:2      | Gained mutation: You regenerate a little health from kills.
                  | [demonic ancestry]
  1113 | D:2      | Reached XP level 3. HP: 22/27 MP: 3/3
  1224 | D:2      | Found a bloodstained altar of Trog.
  1292 | D:2      | Found a snail-covered altar of Cheibriados.
  1633 | D:3      | Found a stormy altar of Qazlal.
  1650 | D:3      | HP: 1/27 [orc priest/divine providence (14)]
  1651 | D:3      | Killed from afar by an orc priest

Vault maps used:
D:1:      dpeg_arrival_snail, serial_forest, infiniplex_forest_lined_2,
          infiniplex_forest_clump_diagonal, infiniplex_forest_end_2,
          infiniplex_forest_side_room, infiniplex_forest_clump_cross,
          infiniplex_forest_zigzag_2, infiniplex_forest_end_2
D:2:      lemuel_round_altar, serial_forest, infiniplex_forest_straight_2,
          infiniplex_forest_straight_2, infiniplex_forest_clump_double,
          infiniplex_forest_lined_2, infiniplex_forest_lined_room_2,
          infiniplex_forest_lined_1, infiniplex_forest_pool, cheibriados_altar_1
D:3:      lemuel_round_altar, first_ration, uniq_grinder,
          uniq_crazy_yiuf_cottage, uniq_ijyb

Skill      XL: |  1  2 |
---------------+-------+-----
Axes           | 3 |  3.6
Dodging        | 3 |  3.2
Fighting       | |  2.0
Throwing       | |  1.7
Shields        | |  0.3

Action                   || total
-------------------------++-------
Melee: War axe           ||   128
 Stab: Sleeping          ||     3
  Eat: Chunk             ||     2
Armor: Leather armour    ||    43
Dodge: Dodged            ||    83
Block: Buckler           ||     3

Table legend:
 A = Non-vault XP
 B = Vault XP
 C = Vault XP percentage of total XP
 D = Non-vault monster count
 E = Vault monster count
 F = Vault count percentage of total count
                 A         B        C        D         E       F
            +---------+---------+-------+---------+---------+-------
      Total |      65 |       0 |   0.0 |      38 |       0 |   0.0
            +---------+---------+-------+---------+---------+-------
        D:1 |      37 |       0 |   0.0 |      25 |       0 |   0.0
        D:2 |      14 |       0 |   0.0 |       6 |       0 |   0.0
        D:3 |      14 |       0 |   0.0 |       7 |       0 |   0.0
            +---------+---------+-------+---------+---------+-------
